 Dungeon Crawl Stone Soup version 0.26-a0-672-g1df16c3386 (webtiles) character file.

Game seed: 5164868829675365830

164539 marklar909 the Basher (level 18, -7/147 HPs)
             Began as a Formicid Abyssal Knight on Oct 20, 2020.
             Was the Champion of Lugonu.
             Killed from afar by a shock serpent (17 damage)
             ... with a bolt of electricity
             ... on level 3 of the Lair of Beasts.
             The game lasted 01:04:17 (40601 turns).

marklar909 the Basher (Formicid Abyssal Knight)    Turns: 40601, Time: 01:04:18

Health: -7/147     AC: 25    Str: 24    XL:     18   Next: 18%
Magic:  0/28       EV: 12    Int:  9    God:    Lugonu [******]
Gold:   2618       SH: 14    Dex: 14    Spells: 17/17 levels left

rFire    . . .     SeeInvis +   I - +9 demon whip (distort)
rCold    + . .     Faith    .   v - +0 kite shield
rNeg     + . .     Spirit   +   a - +0 plate armour "Qusoare" {+Blink rPois Int-3 Dex+3}
rPois    +         Reflect  .   (helmet unavailable)
rElec    .         Harm     .   G - +2 cloak
rCorr    .         Rampage  .   M - +1 pair of gloves
MR       +....                  k - +2 pair of boots {Stlth+}
Stlth    ..........             E - amulet of guardian spirit
HPRegen  0.34/turn              K - ring of protection from cold
MPRegen  0.21/turn              U - ring of positive energy

@: mighty, lethally poisoned (-7 -> -7)
A: permanent stasis, dig shafts and tunnels, four strong arms, antennae 3
}: 1/15 runes: decaying
a: Dig, Shaft Self, Depart the Abyss, Bend Space, Banish, Corrupt, Enter the
Abyss, Renounce Religion


You were on level 3 of the Lair of Beasts.
You worshipped Lugonu.
Lugonu was exalted by your worship.
You visited 5 branches of the dungeon, and saw 28 of its levels.
You visited the Abyss 1 time.
You also visited: Sewer.

You collected 3188 gold pieces.
You spent 570 gold pieces at shops.

Inventory:

Hand Weapons
 I - a +9 demon whip of distortion (weapon)
Missiles
 l - 74 poisoned darts (quivered)
 m - a curare-tipped dart
Armour
 a - the +0 plate armour "Qusoare" (worn) {+Blink rPois Int-3 Dex+3}
   (You found it on level 3 of the Lair of Beasts)

   It affects your intelligence (-3).
   It affects your dexterity (+3).
   It protects you from poison.
   It lets you blink.
 k - a +2 pair of boots of stealth (worn)
 v - a +0 kite shield (worn)
 G - a +2 cloak (worn)
 M - a +1 pair of gloves (worn)
Jewellery
 D - an uncursed ring of resist corrosion
 E - an amulet of guardian spirit (around neck)
 K - a ring of protection from cold (left hand)
 Q - an uncursed ring of wizardry
 T - a +4 ring of protection
 U - a ring of positive energy (right hand)
Wands
 w - a wand of polymorph (9)
 y - a wand of digging (13)
 C - a wand of disintegration (9)
 L - a wand of acid (19)
 P - a wand of paralysis (8)
 R - a wand of enslavement (14)
 S - a wand of flame (30)
Scrolls
 b - a scroll of enchant armour
 c - 10 scrolls of amnesia
 d - 6 scrolls of identify
 f - 6 scrolls of immolation
 h - 2 scrolls of brand weapon
 n - 3 scrolls of silence
 p - 13 scrolls of remove curse
 s - 8 scrolls of magic mapping
 t - 2 scrolls of enchant weapon
 B - 3 scrolls of fear
Potions
 e - 6 potions of might
 g - 4 potions of resistance
 i - 3 potions of heal wounds
 j - 4 potions of ambrosia
 o - a potion of magic
 q - 5 potions of flight
 r - a potion of mutation
 u - 4 potions of brilliance
 x - 2 potions of lignification
 z - 11 potions of curing
 F - 2 potions of stabbing
 J - 2 potions of cancellation
Miscellaneous
 A - a condenser vane (2/2)
 H - a phantom mirror
 N - a tin of tremorstones (3/3)
 O - a lightning rod (4/4)


   Skills:
 + Level 14.3 Fighting
 + Level 14.7 Maces & Flails
 + Level 6.3 Throwing
 + Level 13.3 Armour
 * Level 9.5 Dodging
 + Level 6.4 Stealth
 + Level 13.9 Shields
 + Level 14.0 Invocations
 + Level 1.4 Evocations


You had 17 spell levels left.
You didn't know any spells.
Your spell library contained the following spells:

 Spells                   Type           Power        Failure   Level
 Animate Skeleton         Necr           #.....       98%         1
 Beastly Appendage        Tmut           #.....       98%         1
 Freeze                   Ice            #...         98%         1
 Magic Dart               Conj           #...         98%         1
 Pain                     Necr           #...         98%         1
 Call Imp                 Summ           #.......     99%         2
 Slow                     Hex            #.......     99%         2
 Wereblood                Tmut           #.......     99%         2
 Confusing Touch          Hex            #.......     100%        3
 Conjure Flame            Conj/Fire      #.......     100%        3
 Frozen Ramparts          Ice            #.....       100%        3
 Gell's Gravitas          Tloc           #.........   100%        3
 Mephitic Cloud           Conj/Pois/Air  #.......     100%        3
 Ozocubu's Armour         Ice            #.......     100%        3
 Spider Form              Tmut/Pois      #.........   100%        3
 Vampiric Draining        Necr           #.........   100%        3
 Animate Dead             Necr           #.........   100%        4
 Cause Fear               Hex            #.........   100%        4
 Hailstorm                Conj/Ice       #.......     100%        4
 Ice Form                 Ice/Tmut       #.......     100%        4
 Petrify                  Tmut/Erth      #.......     100%        4
 Summon Ice Beast         Ice/Summ       #.......     100%        4
 Agony                    Necr           #.......     100%        5
 Blade Hands              Tmut           #.........   100%        5
 Bolt of Magma            Conj/Fire/Erth #.........   100%        5
 Iskenderun's Battlesphe  Conj           #.......     100%        5
 Metabolic Englaciation   Hex/Ice        #.........   100%        5
 Silence                  Hex/Air        #.........   100%        5
 Yara's Violent Unravell  Hex/Tmut       #.........   100%        5
 Iron Shot                Conj/Erth      #.........   100%        6
 Orb of Destruction       Conj           #.........   100%        7
 Spellforged Servitor     Conj/Summ      #.........   100%        7
 Discord                  Hex            #.........   100%        8
 Blink                    Tloc           Unusable     N/A         2

Dungeon Overview and Level Annotations

Branches:
Dungeon (15/15)            Temple (0/1) D:7            Lair (6/6) D:9
  Swamp (4/4) Lair:4        Snake (1/4) Lair:3        Slime (0/5) Lair:6
    Orc (2/2) D:9             Elf (0/3) Orc:2        Vaults (0/5) D:13
 Depths (0/5) D:15          Sewer (visited)

Altars:
Cheibriados
Fedhas
Gozag
Hepliaklqana
Ru
Sif Muna
Trog
Uskayaw
Vehumet
Wu Jian
Xom
Yredelemnul
The Shining One
Beogh

Shops:
D:5 ?   Orc:2 }:(*}

Annotations:
Abyss:1 ALWAYSlose's ghost, journeyman DsFi; Louise


Innate Abilities, Weirdness & Mutations

You cannot be hasted, slowed, berserked, paralysed or teleported.
You can dig through walls and to a lower floor.
Your four strong arms can wield two-handed weapons with a shield.
You have a pair of large antennae on your head. (SInv)


Message History

The shock serpent bites you but does no damage.
Space bends sharply around you!
The shock serpent blinks!
The black mamba blinks!
You blink.
You feel sick. The shock serpent barely misses you.
Space bends sharply around you!
The shock serpent blinks!
You blink.
The shock serpent shoots out a bolt of lightning at you!
The bolt of electricity hits the shock serpent.
The shock serpent completely resists.
The bolt of electricity hits you!!
* * * LOW HITPOINT WARNING * * *
Unknown command.
You feel sick.
The naga mage casts a spell.
The naga mage seems to speed up.
The shock serpent closely misses you.
You feel sick.
The shock serpent shoots out a bolt of lightning at you!
The bolt of electricity hits you!
* * * LOW HITPOINT WARNING * * *
The shock serpent shoots out a bolt of lightning at you!
The bolt of electricity misses you. The bolt of electricity hits you!!
You die...

#.........#.................
#.........##................
#........##P...#............
##........##..##............
#..##...####.#######.......
#.####### ###.....###.....
### ##..S......##....
###S..#§S.#...#....
##.@S..#{N.#........
#..#S..#...#...#...P
#..##.SNNS....##.#..
####..###S....###)###.
###......######## ##.###
###.........# #####
#..#PP......# #...
#...........# ##..
###...P.....P## ### #..


You could see 5 shock serpents, 2 black mambas, a naga mage (fast) and a naga.

Vanquished Creatures
  2 thorn hunters
  2 entropy weavers (Lair:6)
  An ettin (D:15)
  5 ogre magi
  2 vault guards (D:13)
  16 hydras
  2 ghost crabs
  A catoblepas (Lair:5)
  A merfolk avatar (Lair:6)
  An anaconda (Snake:1)
  A centaur warrior (D:14)
  A queen ant (Lair:6)
  18 two-headed ogres
  9 alligators
  Urug (Lair:4)
  A hell knight (D:15)
  A spriggan (Swamp:3)
  2 deep trolls (Orc:2)
  7 swamp dragons
  2 spriggan druids
  2 wizards (D:13)
  2 sea snakes (Lair:6)
  An unseen horror (D:10)
  2 necromancers (D:13)
  An orc knight (D:15)
  A deep elf mage (D:14)
  2 orc sorcerers (Orc:2)
  3 cyclopes
  A manticore (D:12)
  8 ugly things
  A centaur zombie (D:13)
  10 elephants
  4 torpor snails (Lair:4)
  4 black mambas
  A centaur skeleton (D:15)
  20 cane toads
  3 gargoyles
  9 rime drakes
  9 komodo dragons
  A yaktaur (D:15)
  An efreet (D:15)
  A freezing wraith (D:15)
  12 trolls
  6 polar bears
  7 hornets
  5 tyrant leeches
  5 blink frogs (Swamp:3)
  19 slime creatures
  5 bog bodies
  13 dream sheep
  2 wind drakes (Lair:6)
  A meliai zombie (D:10)
  A shadow (Swamp:1)
  2 water elementals (D:12)
  2 vampires
  5 wyverns
  15 yaks
  8 basilisks
  13 humans (D:13)
  6 vampire mosquitoes
  4 nagas (Lair:3)
  9 swamp worms
  3 wargs
  5 soldier ants (Lair:6)
  An acid dragon (D:15)
  6 insubstantial wisps
  26 water moccasins
  19 orc warriors
  7 black bears
  5 ice beasts
  3 sky beasts
  9 swamp drakes
  3 phantoms
  29 ogres
  28 wolves
  2 centaurs
  3 big kobolds
  21 bullfrogs
  A wyvern skeleton (D:6)
  3 scorpions
  11 killer bees
  7 wights
  7 howler monkeys
  5 electric eels
  A lava snake (D:13)
  2 quasits
  5 hounds
  11 jellies
  4 bullfrog skeletons
  13 orc priests
  A gnoll shaman (D:7)
  21 orc wizards
  2 iguanas
  11 worker ants
  A hound zombie (D:5)
  9 adders
  10 gnolls
  A howler monkey skeleton (D:10)
  2 shadow imps
  2 ufetubi
  3 oozes
  2 adder skeletons
  3 worms (D:3)
  2 dart slugs (D:2)
  6 leopard geckos
  79 orcs
  7 ball pythons
  7 giant cockroaches
  5 goblins
  8 hobgoblins
  25 jackals
  20 kobolds
  5 quokkas
  5 bats
  7 frilled lizards
  A jackal skeleton (D:4)
  A quokka zombie (D:9)
  8 rats
  4 briar patches
801 creatures vanquished.

Vanquished Creatures (others)
  A hound (D:7)
  A giant cockroach (D:7)
  36 fungi
  98 plants
136 creatures vanquished.

Grand Total: 937 creatures vanquished

Notes
Turn   | Place    | Note
-------+----------+-------------------------------------------
     0 | Abyss:1  | marklar909 the Formicid Abyssal Knight began the quest for
                  | the Orb.
     0 | Abyss:1  | Reached XP level 1. HP: 18/18 MP: 2/2
    55 | Abyss:1  | Noticed a smoke demon
    63 | Abyss:1  | Noticed a chaos spawn
    64 | D:1      | Escaped the Abyss
   199 | D:1      | Reached * piety under Lugonu
   199 | D:1      | Reached XP level 2. HP: 11/25 MP: 3/3
   908 | D:1      | Reached XP level 3. HP: 30/30 MP: 4/4
  1458 | D:2      | Found a shimmering blue altar of Sif Muna.
  1632 | D:2      | Found a glowing golden altar of the Shining One.
  1898 | D:2      | Reached skill level 1 in Dodging
  1898 | D:2      | Reached XP level 4. HP: 33/37 MP: 5/5
  3077 | D:3      | Reached ** piety under Lugonu
  3357 | D:3      | Reached XP level 5. HP: 41/42 MP: 6/6
  4539 | D:4      | Reached XP level 6. HP: 40/49 MP: 7/7
  4687 | D:4      | Found a hide-covered altar of Uskayaw.
  4762 | D:4      | Noticed a sky beast
  4805 | D:4      | Killed a sky beast
  5414 | D:5      | Entered Level 5 of the Dungeon
  5418 | D:5      | Noticed an ice beast
  5440 | D:4      | Killed an ice beast
  5440 | D:4      | Reached skill level 5 in Fighting
  5440 | D:4      | Reached skill level 1 in Throwing
  5440 | D:4      | Reached XP level 7. HP: 42/56 MP: 8/8
  5528 | D:5      | Found Gakeim's Magic Scroll Boutique.
  5541 | D:5      | Reached skill level 5 in Armour
  5553 | D:5      | Bought a scroll of amnesia for 45 gold pieces
  5553 | D:5      | Bought a scroll of identify for 26 gold pieces
  5553 | D:5      | Bought a scroll of magic mapping for 45 gold pieces
  5553 | D:5      | Bought a scroll of noise for 13 gold pieces
  5582 | D:5      | Reached skill level 1 in Stealth
  5706 | D:5      | Found a radiant altar of Vehumet.
  5710 | D:5      | Found a hazy altar of Hepliaklqana.
  5710 | D:5      | Found a snail-covered altar of Cheibriados.
  5710 | D:5      | Found a basalt altar of Yredelemnul.
  6348 | D:5      | Reached skill level 5 in Maces & Flails
  6348 | D:5      | Reached XP level 8. HP: 49/62 MP: 9/9
  7136 | D:6      | Found a glowing drain.
  7171 | Sewer    | Entered a sewer
  7272 | Sewer    | Reached *** piety under Lugonu
  7502 | D:6      | Reached skill level 1 in Shields
  7513 | D:6      | Got a polished leather armour
  7915 | D:6      | Reached XP level 9. HP: 13/68 MP: 10/12
  8227 | D:6      | Found a blossoming altar of Fedhas.
  8502 | D:7      | Noticed a hornet
  8509 | D:7      | Killed a hornet
  9250 | D:7      | Found an opulent altar of Gozag.
  9271 | D:7      | Found a bloodstained altar of Trog.
  9421 | D:7      | Found a staircase to the Ecumenical Temple.
  9808 | D:8      | Reached skill level 5 in Invocations
 10018 | D:8      | Found a sacrificial altar of Ru.
 10212 | D:8      | Reached **** piety under Lugonu
 10707 | D:8      | Reached XP level 10. HP: 65/77 MP: 14/14
 11181 | D:8      | Identified the +2 leather armour of Tehuwo {rF+ Regen+
                  | Dex+3} (You found it on level 6 of the Dungeon)
 11360 | D:9      | Found a staircase to the Lair.
 11775 | D:9      | Reached ***** piety under Lugonu
 12171 | D:9      | Found a staircase to the Orcish Mines.
 12235 | D:10     | Entered Level 10 of the Dungeon
 12462 | D:10     | Noticed an ogre mage
 12462 | D:10     | Noticed a two-headed ogre
 12466 | D:10     | Noticed a two-headed ogre
 12466 | D:10     | Noticed a two-headed ogre
 12625 | D:10     | Noticed a two-headed ogre
 12625 | D:10     | Noticed a two-headed ogre
 12650 | D:9      | Killed a two-headed ogre
 12650 | D:9      | Reached skill level 5 in Shields
 12798 | D:9      | Killed a two-headed ogre
 12798 | D:9      | Reached XP level 11. HP: 65/84 MP: 16/16
 12864 | D:9      | Killed a two-headed ogre
 13178 | D:10     | Noticed a two-headed ogre
 13242 | D:10     | Noticed an unseen horror
 13255 | D:10     | Killed an unseen horror
 13267 | D:10     | Noticed a red ugly thing
 13286 | D:10     | Banished a red ugly thing
 13524 | D:9      | Killed a two-headed ogre
 13537 | D:9      | Killed a two-headed ogre
 13723 | D:9      | Killed a two-headed ogre
 13789 | D:10     | Killed an ogre mage
 14733 | D:11     | Noticed a five-headed hydra
 14745 | D:11     | Noticed a cyan ugly thing
 14776 | D:11     | Banished a five-headed hydra
 14776 | D:11     | Reached XP level 12. HP: 94/94 MP: 10/18
 15711 | D:11     | Reached skill level 10 in Invocations
 16069 | D:12     | Reached skill level 5 in Dodging
 16102 | D:12     | Reached skill level 10 in Maces & Flails
 16382 | D:12     | Found an ornate altar of the Wu Jian Council.
 16876 | D:12     | Reached skill level 5 in Throwing
 17305 | D:12     | Identified a scroll of acquirement
 17305 | D:12     | Acquired a +6 demon whip of freezing
 17543 | Lair:1   | Entered Level 1 of the Lair of Beasts
 17739 | Lair:1   | Reached XP level 13. HP: 33/101 MP: 7/21
 18694 | Lair:2   | Reached skill level 5 in Stealth
 19577 | Lair:3   | Found a staircase to the Snake Pit.
 20314 | Lair:3   | Got a translucent plate armour
 20395 | Lair:4   | Noticed Urug
 20431 | Lair:4   | Killed Urug
 20525 | Lair:4   | Noticed a six-headed hydra
 20544 | Lair:4   | Killed a six-headed hydra
 20640 | Lair:4   | Found a snail-covered altar of Cheibriados.
 20954 | Lair:4   | Found a staircase to the Swamp.
 21380 | Lair:4   | Noticed an eight-headed hydra
 21514 | Lair:3   | Identified the cursed +0 plate armour "Qusoare" {+Blink
                  | rPois Int-3 Dex+3} (You found it on level 3 of the Lair of
                  | Beasts)
 21520 | Lair:4   | Killed an eight-headed hydra
 21832 | Lair:4   | Reached skill level 10 in Fighting
 21832 | Lair:4   | Reached XP level 14. HP: 87/110 MP: 18/23
 22061 | Lair:5   | Reached ****** piety under Lugonu
 23503 | Lair:6   | Entered Level 6 of the Lair of Beasts
 23864 | Lair:6   | Reached skill level 10 in Shields
 24024 | Lair:6   | Reached skill level 1 in Evocations
 24122 | Lair:6   | Got a distressingly furry ring mail
 25201 | Lair:6   | Noticed an entropy weaver
 25201 | Lair:6   | Noticed an entropy weaver
 25217 | Lair:6   | Killed an entropy weaver
 25241 | Lair:6   | Reached XP level 15. HP: 63/118 MP: 14/25
 25659 | Lair:6   | Found a staircase to the Slime Pits.
 25696 | Lair:6   | Reached skill level 10 in Armour
 25977 | Lair:6   | Identified a +9 demon whip of distortion (a +9 demon whip
                  | of venom corrupted by Lugonu)
 25977 | Lair:6   | Received a gift from Lugonu
 25978 | Lair:6   | Identified the cursed +1 ring mail of Bimpo {rElec Dex+2}
                  | (You found it on level 6 of the Lair of Beasts)
 26099 | Orc:1    | Entered Level 1 of the Orcish Mines
 27038 | Orc:2    | Entered Level 2 of the Orcish Mines
 27168 | Orc:2    | Found Sumafarur's Gadget Shop.
 27253 | Orc:1    | Found a roughly hewn altar of Beogh.
 27459 | Orc:1    | Found a transporter.
 27460 | Orc:1    | Found a transporter.
 27460 | Orc:1    | Noticed ALWAYSlose's ghost (journeyman DsFi)
 28106 | Orc:2    | Found a staircase to the Elven Halls.
 28150 | Orc:2    | Found a roughly hewn altar of Beogh.
 28156 | Orc:2    | Found Haerracs's Weapon Shop.
 28820 | Orc:2    | Found Epeax's Gadget Shop.
 28822 | Orc:2    | Found Kesytius's Book Shoppe.
 28830 | Orc:2    | Found Bustra's Assorted Antiques.
 28839 | Orc:2    | Bought a shimmering chain mail for 171 gold pieces
 28839 | Orc:2    | Bought a scintillating bronze ring for 90 gold pieces
 28839 | Orc:2    | Bought a scroll of identify for 36 gold pieces
 28839 | Orc:2    | Bought a dazzling mace for 144 gold pieces
 29300 | Orc:1    | Banished ALWAYSlose's ghost
 29538 | D:9      | Identified the ring of Fyto {rF+ Str-4 Int+6 Dex+5} (You
                  | bought it in a shop on level 2 of the Orcish Mines)
 29581 | D:9      | Identified the +7 chain mail "Zimuckec" {Harm rC+ MR-} (You
                  | bought it in a shop on level 2 of the Orcish Mines)
 29629 | D:9      | Identified the cursed +0 mace "Beastslayer" {vorpal, *Noise
                  | rN+++ Str+5} (You bought it in a shop on level 2 of the
                  | Orcish Mines)
 30161 | D:13     | Found a shimmering altar of Xom.
 30161 | D:13     | Found a shimmering altar of Xom.
 30162 | D:13     | Found a shimmering altar of Xom.
 30163 | D:13     | Found a shimmering altar of Xom.
 30164 | D:13     | Found a shimmering altar of Xom.
 30164 | D:13     | Found a shimmering altar of Xom.
 30166 | D:13     | Found a shimmering altar of Xom.
 30258 | D:13     | Reached XP level 16. HP: 127/127 MP: 26/26
 30699 | D:13     | Found a gate to the Vaults.
 31039 | D:13     | You fall into a shaft and drop 2 floors!
 31039 | D:15     | Entered Level 15 of the Dungeon
 33318 | D:15     | Found a staircase to the Depths.
 34312 | Swamp:1  | Entered Level 1 of the Swamp
 35619 | Swamp:1  | Reached XP level 17. HP: 137/137 MP: 27/27
 35795 | Swamp:1  | Found an ornate altar of the Wu Jian Council.
 37475 | Swamp:3  | Noticed Louise
 37480 | Swamp:3  | Banished Louise
 37712 | Swamp:3  | Noticed a thorn hunter
 37724 | Swamp:3  | Killed a thorn hunter
 38173 | Swamp:4  | Entered Level 4 of the Swamp
 38928 | Swamp:4  | Noticed a thorn hunter
 38962 | Swamp:4  | Killed a thorn hunter
 39295 | Swamp:4  | Got a decaying rune of Zot
 39414 | Swamp:4  | Reached XP level 18. HP: 145/146 MP: 28/28
 40408 | Snake:1  | Entered Level 1 of the Snake Pit
 40601 | Lair:3   | Killed from afar by a shock serpent

Illustrated notes

Levels and vault maps discovered:
D:1:      psy_arrival_whirlpool, layout_basic, minmay_tiny_reverse_x
D:2:      layout_loops_corners, lemuel_blue_sif_altar, tso_metal_star
D:3:      layout_loops_ring
D:4:      layout_cave_pods, overflow_temple_1_default
D:5:      layout_layer_cave, grunt_temple_overflow_open, serial_shops,
          shop_scrolls
D:6:      layout_loops_corners, marbit_many_paths, cheibrodos_sewer_entry_drain,
          moated_statue
D:7:      layout_loops_ring, kennysheep_mini, kennysheep_little_box,
          lemuel_temple_firewalk_a
D:8:      layout_loops_ring, nicolae_ru_great_annihilating_truth
D:9:      layout_loops_corners, lair_entry_dummy, orc_0_dummy
D:10:     layout_small_grid
D:11:     minmay_goldmine, layout_loops_ring, minmay_misc_feat_x
D:12:     layout_basic, basic_altar
D:13:     layout_gridville, grunt_vaults_entry_tiered,
          kennysheep_decorative_pillar, xom_shifter_show
D:14:     layout_layer_cave, minivault_25
D:15:     hangedman_depths_entry_civil_slaughter, layout_basic,
          serial_bayou_lagoon_a, minmay_stone_trees_medium, st_stairs_7
Lair:1:   beast_lair_carwin_large_1, layout_gridlike, hibernation_bobbens
Lair:2:   layout_loops_ring, infiniplex_staircase_pool
Lair:3:   layout_cave_pods, minmay_snake_entry_guardpost_medium, serial_forest,
          infiniplex_forest_zigzag_1, infiniplex_forest_join,
          infiniplex_forest_clump_double, infiniplex_forest_lined_room_2,
          infiniplex_forest_straight_4, infiniplex_forest_fountain
Lair:4:   layout_small_grid, skrybe_swamp_entry_bodies, gauntlet_entry_generic,
          kennysheep_snail_temple, uniq_urug
Lair:5:   layout_cave_pods, serial_bayou_shore_b
Lair:6:   gammafunk_lair_ancient_temple, layout_gridlike,
          minmay_slime_entry_pillars, wad_woods_antlair
Swamp:1:  layout_basic_swamp, basic_altar
Swamp:2:  layout_falls_marsh, evilmike_swamp_ruin_rubble_2, swamp_pool4
Swamp:3:  layout_falls_marsh, evilmike_swamp_ruin_house_5, uniq_louise
Swamp:4:  swamp_alternative, layout_basic_swamp
Snake:1:  layout_chambers, evilmike_ambush [evilmike_ambush_outer_basic,
          evilmike_ambush_inner_pond], minmay_shop_grove
Orc:1:    layout_diamond_mine, gammafunk_ghost_smash, basic_altar
Orc:2:    st_orc_open, layout_diamond_mine, serial_shops,
          nicolae_shop_window_shopping, basic_altar

Skill      XL: |  1  2  3  4  5  6  7  8  9 10 11 12 13 14 15 16 17 |
---------------+----------------------------------------------------+-----
Fighting       | 4 5 6 7 8 9 10 11 12 13 14 | 14.3
Dodging        | 1 2 3 4 5 6 8 9 |  9.5
Maces & Flails | 3 4 5 6 7 8 9 10 11 12 13 14 | 14.7
Armour         | 4 5 6 7 8 9 11 12 13 | 13.3
Throwing       | 1 2 4 5 6 |  6.3
Stealth        | 1 2 3 4 6 |  6.4
Shields        | 2 3 5 6 8 9 10 11 12 13 | 13.9
Invocations    | 4 5 7 9 10 12 13 14 | 14.0
Evocations     | 1 |  1.4

Action                   |  1- 3 |  4- 6 |  7- 9 | 10-12 | 13-15 | 16-18 || total
-------------------------+-------+-------+-------+-------+-------+-------++-------
Melee: Mace              |    91 |    95 |       |       |       |       ||   186
       Whip              |       |    80 |   446 |   672 |       |       ||  1198
       Demon whip        |       |       |       |   139 |  1212 |   968 ||  2319
       Flail             |       |       |       |    56 |       |       ||    56
Throw: Dart              |       |    17 |     2 |    69 |    23 |    27 ||   138
Invok: Depart the Abyss  |     1 |       |       |       |       |       ||     1
       Banish            |       |       |       |     5 |       |       ||     5
       Bend Space        |       |       |       |     2 |     1 |     4 ||     7
       Brand Weapon With |       |       |       |       |     1 |       ||     1
 Abil: Dig               |     1 |       |     3 |     2 |     6 |     2 ||    14
Evoke: Wand              |       |       |     1 |     3 |     1 |       ||     5
       Lightning rod     |       |       |       |       |     5 |       ||     5
  Use: Scroll            |       |     3 |    19 |    10 |    16 |     4 ||    52
       Potion            |       |       |       |     2 |       |     2 ||     4
 Stab: Paralysed         |       |       |     1 |       |       |       ||     1
       Sleeping          |       |       |       |     6 |     4 |       ||    10
       Distracted        |       |       |       |       |     2 |       ||     2
       Confused          |       |       |       |       |       |     3 ||     3
Armor: Leather armour    |    19 |       |       |   155 |    43 |       ||   217
       Chain mail        |    16 |    96 |   194 |    21 |       |       ||   327
       Plate armour      |       |       |       |       |   287 |   367 ||   654
Dodge: Dodged            |    50 |    53 |   207 |   344 |   297 |   248 ||  1199
Block: Kite shield       |       |       |       |   386 |   508 |   431 ||  1325

Table legend: (Time is in decaauts)
 A = Elapsed time spent in this place.
 B = Non-inter-level travel time spent in this place.
 C = Inter-level travel time spent in this place.
 D = Time resting spent in this place.
 E = Time spent auto-exploring this place.
 F = Levels seen in this place.
 G = Mean time per level.
                   A        B        C        D        E       F      G
               +--------+--------+--------+--------+--------+-----+--------+
         Total |  39759 |  36443 |   3316 |   5884 |  23558 |  30 | 1325.3 |
       Dungeon |  22719 |  20363 |   2356 |   4066 |  12457 |  15 | 1514.6 |
          Lair |   8532 |   7997 |    535 |    918 |   5672 |   6 | 1422.0 |
         Swamp |   5523 |   5333 |    190 |    465 |   3973 |   4 | 1380.8 |
     Snake Pit |      9 |      9 |      0 |      0 |      0 |   1 |    9.0 |
  Orcish Mines |   2650 |   2416 |    234 |    435 |   1300 |   2 | 1325.0 |
         Abyss |     64 |     64 |      0 |      0 |     55 |   1 |   64.0 |
         Sewer |    259 |    259 |      0 |      0 |    100 |   1 |  259.0 |
               +--------+--------+--------+--------+--------+-----+--------+

Top non-repeatable levels by time:
     D:9: 3639 daAuts
  Lair:6: 2350 daAuts
     D:4: 1770 daAuts
  Lair:4: 1713 daAuts
 Swamp:3: 1676 daAuts
 Swamp:4: 1671 daAuts
   Orc:2: 1664 daAuts
    D:14: 1654 daAuts
     D:3: 1630 daAuts
     D:7: 1594 daAuts
    D:12: 1500 daAuts
    D:11: 1450 daAuts
  Lair:5: 1424 daAuts
     D:8: 1415 daAuts
     D:1: 1361 daAuts
